 Dungeon Crawl Stone Soup version 0.25.1-2-g60ff931df9 (webtiles) character file.

Game seed: 15768076870367500367

909 Peloso the Covered (level 7, -2/60 HPs)
             Began as a Minotaur Fighter on July 31, 2020.
             Was a Follower of Okawaru.
             Killed by divine providence
             ... invoked by an orc priest
              (12 damage)
             ... on level 6 of the Dungeon.
             The game lasted 00:08:58 (5892 turns).

Peloso the Covered (Minotaur Fighter)               Turns: 5892, Time: 00:08:59

Health: -2/60      AC: 11    Str: 21    XL:     7   Next: 81%
Magic:  6/6        EV:  7    Int:  5    God:    Okawaru [*.....]
Gold:   82         SH: 10    Dex: 11    Spells: 6/6 levels left

rFire    . . .     SeeInvis .   a - +0 long sword
rCold    . . .     Gourm    .   c - +0 kite shield
rNeg     . . .     Faith    .   k - +0 chain mail
rPois    .         Spirit   .   (helmet restricted)
rElec    .         Reflect  .   i - +0 cloak
rCorr    .         Harm     .   (no gloves)
MR       .....                  (no boots)
Stlth    ..........             (no amulet)
HPRegen  0.20/turn              (no ring)
MPRegen  0.10/turn              (no ring)

@: no status effects
A: retaliatory headbutt, horns 2
a: Heroism, Renounce Religion


You were on level 6 of the Dungeon.
You worshipped Okawaru.
Okawaru was aware of your devotion.
You were hungry.

You visited 2 branches of the dungeon, and saw 7 of its levels.

You collected 187 gold pieces.
You spent 105 gold pieces at shops.

Inventory:

Hand Weapons
 a - a +0 long sword (weapon)
Missiles
 o - 57 bolts
Armour
 b - a +0 scale mail
 c - a +0 kite shield (worn)
 i - a +0 cloak (worn)
 k - a +0 chain mail (worn)
Scrolls
 g - 5 scrolls of identify
 h - 2 scrolls of remove curse
 j - a scroll of fog {unknown}
 l - a scroll of blinking {unknown}
 n - 2 scrolls of teleportation {unknown}
 p - a scroll of magic mapping {unknown}
 s - a scroll of random uselessness
 t - a scroll of enchant armour
Potions
 d - 2 potions of might
 e - a potion of stabbing
 m - 2 potions of mutation {unknown}
 q - a potion of curing {unknown}
 r - a potion of degeneration {unknown}
Comestibles
 f - 11 rations


   Skills:
 + Level 4.8 Fighting
 + Level 6.4 Long Blades
 + Level 6.7 Armour
 + Level 2.2 Dodging
 + Level 0.7 Stealth
 + Level 6.2 Shields


You had 6 spell levels left.
You didn't know any spells.
Your spell library contained the following spells:

 Spells                   Type           Power        Failure   Level  Hunger
 Magic Dart               Conj           #...         100%        1    ##.....
 Blink                    Tloc           N/A          100%        2    ###....
 Call Imp                 Summ           #.......     100%        2    ###....
 Slow                     Hex            #.......     100%        2    ###....
 Conjure Flame            Conj/Fire      #.......     100%        3    ####...
 Mephitic Cloud           Conj/Pois/Air  #.......     100%        3    ####...


Dungeon Overview and Level Annotations

Branches:
Dungeon (6/15)             Temple (1/1) D:5

Altars:
Ashenzari
Cheibriados
Dithmenos
Elyvilon
Gozag
Kikubaaqudgha
Makhleb
Okawaru
Qazlal
Trog
Uskayaw
Wu Jian
The Shining One

Shops:
D:5 ?


Innate Abilities, Weirdness & Mutations

You reflexively headbutt those who attack you in melee.
You have a pair of horns on your head.


Message History

The orc priest is heavily wounded.
The orc priest looks encouraged for a moment.
The orc priest calls down the wrath of Beogh upon you.
Beogh smites you!
* * * LOW HITPOINT WARNING * * *
You slash the orc priest!
You kill the orc priest!
Okawaru accepts your kill.
Your life force feels restored.
You block the orc priest's attack.
The orc priest invokes the aid of Beogh against you.
Pain shoots through your body!
* * * LOW HITPOINT WARNING * * *
Things that are here:
a +0 falchion; a +0 leather armour; a scroll labeled UNGAIQY ROATIS Unknown command.
You fail to use your ability.
The orc priest calls down the wrath of Beogh upon you.
Beogh smites you!
You die...

########..##............#
......###.###...........
..................._..#
......###.##..........#
..........#...........#
......###.............# ####..
(#######..............# #..... .#
####.#).....[....## #.....
.####....#...#..@.[.#### #.....
.##...###.......o......# #.....
....###...##.#####)....#####.....
.#..###.####..####.....##........
.##..#..# ##.....#.<..##........
...#.#.### #####.#....##........
...#.....########.#....##........
......##............)......(.....
....#.......(......[[[..#........


You could see an orc priest.

Vanquished Creatures
  A centaur (D:4)
  A scorpion (D:3)
  4 wights (D:6)
  2 hounds (D:4)
  A jelly (D:6)
  Crazy Yiuf (D:2)
  An orc priest (D:6)
  Jessica (D:2)
  6 orc wizards
  4 worker ants
  3 gnolls
  5 adders
  An ooze (D:3)
  An adder zombie (D:6)
  4 worms
  2 dart slugs
  4 leopard geckos
  12 orcs
  7 bats
  5 giant cockroaches
  6 goblins
  9 hobgoblins
  4 jackals (D:2)
  7 kobolds
  A quokka (D:6)
  5 ball pythons
  A ball python skeleton (D:4)
  5 frilled lizards
  A jackal zombie (D:6)
  A leopard gecko skeleton (D:6)
  2 rats (D:1)
108 creatures vanquished.

Notes
Turn   | Place    | Note
-------+----------+-------------------------------------------
     0 | D:1      | Peloso the Minotaur Fighter began the quest for the Orb.
     0 | D:1      | Reached XP level 1. HP: 19/19 MP: 0/0
   181 | D:1      | Reached XP level 2. HP: 27/27 MP: 1/1
   878 | D:2      | Found a runed translucent door.
   879 | D:2      | Noticed Crazy Yiuf
   925 | D:2      | Reached XP level 3. HP: 33/33 MP: 2/2
  1126 | D:2      | Noticed Jessica
  1132 | D:2      | Killed Jessica
  1132 | D:2      | Reached XP level 4. HP: 41/41 MP: 3/3
  1614 | D:2      | Killed Crazy Yiuf
  2109 | D:3      | Reached XP level 5. HP: 42/47 MP: 4/4
  3829 | D:3      | Reached skill level 5 in Armour
  3832 | D:3      | Reached skill level 5 in Shields
  3832 | D:3      | Reached XP level 6. HP: 45/53 MP: 5/5
  4054 | D:4      | Reached skill level 1 in Dodging
  4066 | D:4      | Reached skill level 5 in Long Blades
  4573 | D:4      | Found a shadowy altar of Dithmenos.
  4965 | D:5      | Entered Level 5 of the Dungeon
  4997 | D:5      | Found a staircase to the Ecumenical Temple.
  5004 | D:5      | Found Nagiwnem's Magic Scroll Emporium.
  5032 | Temple   | Entered the Ecumenical Temple
  5084 | Temple   | Became a worshipper of Warmaster Okawaru
  5154 | D:5      | Bought a scroll of random uselessness for 10 gold pieces
  5154 | D:5      | Bought a scroll of identify for 20 gold pieces
  5154 | D:5      | Bought a scroll of enchant armour for 75 gold pieces
  5200 | D:4      | Reached XP level 7. HP: 23/60 MP: 6/6
  5576 | D:6      | Found a snail-covered altar of Cheibriados.
  5607 | D:6      | Found an ancient bone altar of Kikubaaqudgha.
  5646 | D:6      | Reached * piety under Okawaru
  5892 | D:6      | Killed from afar by an orc priest

Illustrated notes

Levels and vault maps discovered:
D:1:      lemuel_arrival_rhombus, layout_loops_corners,
          chequers_serial_rivers_small_b, minivault_23
D:2:      layout_loops_ring, first_ration, uniq_crazy_yiuf_cottage, uniq_jessica
D:3:      layout_basic
D:4:      layout_basic, grunt_dithmenos_smoke_and_mirrors
D:5:      cheibrodos_iron_armory, layout_cave_pools, minmay_temple_entry_mist,
          serial_shops, shop
D:6:      layout_rooms, lemuel_round_altar, serial_curves, eino_curves_01,
          eino_curves_04, basic_altar
Temple:   minmay_crystal_snake_temple

Skill      XL: |  1  2  3  4  5  6  7 |
---------------+----------------------+-----
Shields        | 4 5 6 |  6.2
Fighting       | 4 |  4.8
Armour         | 4 5 6 |  6.7
Long Blades    | 3 4 5 6 |  6.4
Dodging        | 1 2 |  2.2
Stealth        | |  0.7

Action                   |  1- 3 |  4- 6 |  7- 9 || total
-------------------------+-------+-------+-------++-------
Melee: Long sword        |    65 |   192 |    63 ||   320
       Headbutt          |     7 |    34 |    17 ||    58
  Use: Potion            |       |     4 |       ||     4
       Scroll            |       |     1 |       ||     1
  Eat: Chunk             |     1 |     9 |     2 ||    12
       Ration            |       |     1 |       ||     1
Armor: Scale mail        |    28 |    63 |       ||    91
       Chain mail        |       |    27 |    33 ||    60
Dodge: Dodged            |    17 |    57 |    19 ||    93
Block: Kite shield       |    34 |   107 |    40 ||   181
       Rpst.: Long sword |     2 |    19 |     9 ||    30
